 Dungeon Crawl Stone Soup version 0.24.0-123-gd5b16e6ec5 (webtiles) character file.

Game seed: 12583998367489385144, levelgen mode: deterministic

201 FishyPogo the Skirmisher (level 5, -3/42 HPs)
             Began as a Demonspawn Gladiator on Jan 2, 2020.
             Was an Initiate of Ashenzari.
             Killed by divine providence
             ... invoked by an orc priest
              (9 damage)
             ... on level 2 of the Dungeon.
             The game lasted 00:03:25 (1105 turns).

FishyPogo the Skirmisher (Demonspawn Gladiator)     Turns: 1105, Time: 00:03:26

Health: -3/42      AC:  7    Str: 12 (15) XL:     5   Next: 50%
Magic:  5/5        EV: 13    Int:  7 (10) God:    Ashenzari [......]
Gold:   46         SH:  0    Dex: 11 (14) Spells: 4/4 levels left

rFire    . . .     SeeInvis .   a - +0 long sword
rCold    . . .     Gourm    .   (no shield)
rNeg     . . .     Faith    .   b - +0 leather armour
rPois    .         Spirit   .   (helmet restricted)
rElec    .         Reflect  .   (no cloak)
rCorr    .         Harm     .   i - +2 pair of gloves
MR       .....                  g - +0 pair of boots
Stlth    +.........             (no amulet)
HPRegen  0.14/turn              (no ring)
MPRegen  0.09/turn              (no ring)

@: no status effects
A: antennae 1, spiny 1, sturdy frame 1
a: Curse Item, Renounce Religion


You were on level 2 of the Dungeon.
You worshipped Ashenzari.
Ashenzari was noncommittal.
You were not hungry.

You visited 1 branch of the dungeon, and saw 3 of its levels.

You collected 46 gold pieces.

Inventory:

Hand Weapons
 a - a +0 long sword (weapon)
Missiles
 d - 3 throwing nets (quivered)
 e - 19 stones
 l - 8 boomerangs
Armour
 b - a +0 leather armour (worn)
 c - a +0 helmet
 g - a +0 pair of boots (worn)
 i - a +2 pair of gloves (worn)
Jewellery
 h - a +2 ring of intelligence
Scrolls
 j - a scroll of magic mapping {unknown}
 m - a scroll of immolation {unknown}
 n - a scroll of identify {unknown}
Comestibles
 f - 4 rations
 o - 2 chunks of flesh


   Skills:
 * Level 3.8 Fighting
 - Level 3.1 Long Blades
 - Level 2.0 Throwing
 * Level 2.7 Armour
 - Level 3.1 Dodging


You had 4 spell levels left.
You didn't know any spells.
Your spell library was empty.

Dungeon Overview and Level Annotations

Branches:
Dungeon (3/15)

Altars:
Ashenzari
Ru


Innate Abilities, Weirdness & Mutations

You have a pair of small antennae on your head.
You are partially covered in sharp spines.
Your movements are slightly less encumbered by armour. (ER -2)


Message History

The orc priest is lightly wounded.
The orc barely misses you. The orc priest barely misses you.
You closely miss the orc priest.
The orc priest is lightly wounded.
The orc is struck by your spines. The orc hits you but does no damage.
The orc priest hits you with a +0 mace.
* * * LOW HITPOINT WARNING * * *
The orc closely misses you.
You riposte.
You hit the orc but do no damage.
The orc is heavily wounded.
You hit the orc priest.
The orc priest is heavily wounded.
The orc priest hits you with a +0 mace.
* * * LOW HITPOINT WARNING * * *
The orc hits you but does no damage.
Unknown command.
You barely miss the orc priest.
The orc priest is heavily wounded.
The orc priest mumbles some strange prayers to Beogh against you.
Beogh smites you!
You die...

#.................#
#.###############'#
#.# #......
#######.# #......
........# #......
.######/## #......
#.[# #.....รท
######))## #####+#
.......@o# ...
########o# ..###
... .##.# .. .' #.
#. .. ..


You could see an orc priest and an orc.

Vanquished Creatures
  A bullfrog (D:3)
  3 orc wizards
  4 gnolls (D:3)
  3 orcs
  A giant cockroach (D:3)
  A goblin (D:2)
  2 hobgoblins (D:3)
  3 bats
18 creatures vanquished.

Notes
Turn   | Place    | Note
-------+----------+-------------------------------------------
     0 | D:1      | FishyPogo the Demonspawn Gladiator began the quest for the
                  | Orb.
     0 | D:1      | Reached XP level 1. HP: 16/16 MP: 1/1
    24 | D:1      | You fall into a shaft and drop 1 floor!
    24 | D:2      | Found a shattered altar of Ashenzari.
    27 | D:2      | Became a worshipper of Ashenzari the Shackled
    72 | D:3      | Found a faded altar of an unknown god.
    79 | D:3      | Gained mutation: You are partially covered in sharp spines.
                  | [demonic ancestry]
    79 | D:3      | Reached XP level 2. HP: 16/22 MP: 2/2
    84 | D:3      | Reached skill level 1 in Armour
    89 | D:3      | Gained mutation: You have a pair of small antennae on your
                  | head. [demonic ancestry]
    89 | D:3      | Reached XP level 3. HP: 15/28 MP: 3/3
    89 | D:3      | HP: 1/28 [gnoll/+0 flail (14)]
   455 | D:3      | Noticed a bullfrog
   463 | D:3      | Killed a bullfrog
   463 | D:3      | Gained mutation: Your movements are slightly less
                  | encumbered by armour. (ER -2) [demonic ancestry]
   463 | D:3      | Reached XP level 4. HP: 21/35 MP: 4/4
   678 | D:3      | Reached XP level 5. HP: 28/41 MP: 5/5
  1041 | D:2      | Found a sacrificial altar of Ru.
  1105 | D:2      | Killed from afar by an orc priest

Levels and vault maps discovered:
D:1:      erik_arrival_triangle_large, layout_loops_corners,
          hangedman_decor_growths
D:2:      layout_basic, nicolae_overflow_hidden_temple,
          nicolae_overflow_crystal_walls, first_ration, uniq_sigmund
D:3:      layout_loops_corners, chequers_ecumenical_altar_island, st_stairs_14,
          grunt_ministairs_14

Skill      XL: |  1  2  3  4 |
---------------+-------------+-----
Throwing       | 2 |  2.0
Armour         | 1 2 |  2.7
Fighting       | 3 |  3.8
Long Blades    | 3 |  3.1
Dodging        | 3 |  3.1

Action                   |  1- 3 |  4- 6 || total
-------------------------+-------+-------++-------
Melee: Long sword        |    26 |    38 ||    64
  Use: Potion            |       |     1 ||     1
  Eat: Chunk             |       |     1 ||     1
Armor: Leather armour    |    20 |    12 ||    32
Dodge: Dodged            |    18 |    21 ||    39
       Rpst.: Long sword |     7 |     5 ||    12
